 Dungeon Crawl Stone Soup version 0.30.0-5-g1a98f26d00 (webtiles) character file.

Game seed: 2662015872016111884

6302 SnakkuSnakku7 the Cleaver (level 10, -3/86 HPs)
             Began as an Armataur Warper on May 8, 2023.
             Was a High Priest of Vehumet.
             Slain by a spriggan
             ... wielding the +7 lajatang of Order {silver, rMut}
              (7 damage)
             ... in a bailey.
             The game lasted 00:14:40 (10442 turns).

SnakkuSnakku7 the Cleaver (Armataur Warper)        Turns: 10442, Time: 00:14:40

Health: -3/86      AC:  8    Str: 20    XL:     10   Next: 63%
Magic:  12/12      EV: 11    Int: 14    God:    Vehumet [*****.]
Gold:   524        SH: 12    Dex: 10    Spells: 12/12 levels left

rFire   . . .        a - +0 war axe
rCold   + . .        T - +0 tower shield
rNeg    . . .        R - +0 acid dragon scales
rPois   .            s - +0 helmet
rElec   .            y - +0 cloak
rCorr   +            (no gloves)
SInv    .            (no barding)
Will    .....        (no amulet)
Stlth   +            g - +5 ring of evasion
HPRegen 0.34/turn    p - ring of protection from cold
MPRegen 0.13/turn

%: roll
@: no status effects
A: large, rugged brown scales 3, deformed body, armoured tail, roll, long
tongue, awkward tongue
a: Renounce Religion


You were in a bailey.
You worshipped Vehumet.
Vehumet was extremely pleased with you.
You visited 1 branch of the dungeon, and saw 9 of its levels.
You also visited: Ossuary and Bailey.

You collected 524 gold pieces.

Inventory:

Hand Weapons
 a - a +0 war axe (weapon)
 E - a +0 hand axe
Missiles
 d - 7 boomerangs of dispersal
 v - 10 boomerangs
 w - 3 curare-tipped darts (quivered)
 K - 25 poisoned darts
 M - 2 throwing nets
Armour
 b - a +0 leather armour
 o - a +0 buckler
 s - a +0 helmet (worn)
 u - a +1 leather armour of fire resistance
 y - a +0 cloak (worn)
 R - +0 acid dragon scales (worn)
 T - a +0 tower shield (worn)
Jewellery
 g - a +5 ring of evasion (left hand)
 p - a ring of protection from cold (right hand)
 F - a ring of see invisible
 I - a ring of protection from cold
Wands
 B - a wand of polymorph (7)
 C - a wand of roots (9)
 G - a wand of flame (5)
Scrolls
 c - 2 scrolls of blinking
 e - a scroll of vulnerability {unknown}
 i - 2 scrolls of enchant weapon {unknown}
 j - 2 scrolls of poison {unknown}
 k - 3 scrolls of magic mapping
 l - a scroll of enchant armour {unknown}
 n - 2 scrolls of immolation {unknown}
 t - 2 scrolls of teleportation
 J - 2 scrolls of brand weapon {unknown}
 L - a scroll of silence {unknown}
 P - a scroll of fog {unknown}
Potions
 f - 3 potions of brilliance
 h - a potion of attraction
 m - a potion of curing
 x - a potion of degeneration {unknown}
 z - a potion of haste
 A - a potion of resistance
 D - 2 potions of flight
 H - 5 potions of lignification {unknown}
 N - 2 potions of berserk rage
 O - a potion of might {unknown}
 Q - a potion of cancellation {unknown}
 S - a potion of mutation {unknown}


   Skills:
 - Level 5.0 Fighting
 + Level 12.1 Axes
 - Level 3.4 Throwing
 - Level 1.2 Armour
 - Level 1.3 Dodging
 + Level 4.2 Shields
 - Level 1.7 Spellcasting
 - Level 3.0 Translocations


You had 12 spell levels left.
You didn't know any spells.
Your spell library contained the following spells:

 Spells                   Type           Power      Damage    Failure   Level
 Fulminant Prism          Conj/Hex       0%         3d5       99%         4
 Poisonous Vapours        Pois/Air       2%         N/A       61%         2
 Blink                    Tloc           18%        N/A       69%         2
 Lesser Beckoning         Tloc           18%        N/A       69%         2
 Mephitic Cloud           Conj/Pois/Air  1%         N/A       82%         3
 Teleport Other           Tloc           9%         N/A       89%         3
 Sting                    Tmut/Pois      4%         1d3       92%         1
 Ensorcelled Hibernation  Hex/Ice        2%         N/A       98%         2
 Passwall                 Tmut/Erth      0%         N/A       98%         2
 Portal Projectile        Hex/Tloc       10%        N/A       98%         3
 Vhi's Electric Charge    Tloc/Air       10%        N/A       98%         3
 Olgreb's Toxic Radiance  Pois           1%         N/A       99%         4
 Call Canine Familiar     Summ           1%         N/A       100%        3
 Ozocubu's Armour         Ice            1%         N/A       100%        3
 Swiftness                Air            1%         N/A       100%        3
 Leda's Liquefaction      Hex/Erth       0%         N/A       100%        4
 Manifold Assault         Tloc           9%         N/A       100%        4
 Freezing Cloud           Conj/Ice/Air   0%         6-21      100%        5
 Metabolic Englaciation   Hex/Ice        0%         N/A       100%        5
 Simulacrum               Ice/Necr       0%         N/A       100%        6


Dungeon Overview and Level Annotations

Branches:
Dungeon (9/15)             Temple (0/1) D:5         Ossuary (visited)
 Bailey (1/1)
   Lair: D:8-11         Orc: D:9-12

Altars:
Ashenzari
Qazlal
Sif Muna
Vehumet
Yredelemnul
Zin

Shops:
D:2 :


Innate Abilities, Weirdness & Mutations

You are completely covered in rugged brown scales. (AC +3, +7% HP)
Armour fits poorly on your strangely shaped body.
You have a long armoured tail.
You roll when moving toward enemies. (Rampage)
Your long tongue fully drains potion bottles. (2x potion effects)
Your tongue gives you trouble enunciating. (1.5x scroll delay)


Message History

Aiming: Polymorph
Press: ? - help, Shift-Dir - straight line, f - spriggan
Aim: a spriggan, wielding the +7 lajatang of Order {silver, rMut} and wearing +2 swamp dragon scales (fast, will become a raiju, a cane toad, or an entropy weaver, chance to affect: 17%)
The spriggan resists with almost no effort.
You block the spriggan's attack. You block the spriggan's attack.
Unknown command.
Aiming: Fastroot
Press: ? - help, Shift-Dir - straight line, f/p - spriggan
Aim: a spriggan, wielding the +7 lajatang of Order {silver, rMut} and wearing +2 swamp dragon scales (fast)
The roots erupt in riotous growth!
Roots grab the spriggan.
The grasping roots constrict the spriggan.
You block the spriggan's attack. x2
Unknown command.
Unknown command.
Unknown command.
You hit the spriggan.
The spriggan is moderately wounded.
The grasping roots constrict the spriggan.
The roots release their grip on the spriggan.
You block the spriggan's attack. The spriggan closely misses you.
The spriggan hits you from afar with a +4 spear!
Unknown command.
Unknown command.
You closely miss the spriggan.
The spriggan is heavily wounded.
The spriggan hits you with the +7 lajatang of Order {silver, rMut}!
The spriggan splashes around in the water.
You block the spriggan's attack.
Unknown command.
Aiming: Fastroot
Press: ? - help, Shift-Dir - straight line, p - spriggan The roots erupt in riotous growth!
Roots grab the spriggan. x2
The grasping roots constrict the spriggan. x2
You hear an angry hiss.
The spriggan hits you with the +7 lajatang of Order {silver, rMut}!!
* * * LOW HITPOINT WARNING * * *
You die...

#..# #..# #..# #..#
#..♣ #).# #..#.
.#..# #..♣.. ..#..#
#..#♣..♣♣♣♣♣..##..#
##..##.......♣#..##
##..###♣i####..##
##...@~~~....##
##...i.....##
##.......##
#########


You could see 2 spriggans.

Vanquished Creatures
  Pikel (D:5)
  Prince Ribbit (D:7)
  4 yaks (D:5)
  3 spriggans (Bailey)
  A steam dragon (D:6)
  An acid dragon (D:8)
  3 water moccasins
  An ice beast (D:6)
  4 sky beasts
  3 orc warriors
  4 black bears
  10 ogres
  2 lemures (D:5)
  2 kobold brigands
  A phantom (D:7)
  6 scorpions
  2 water moccasin zombies (Ossuary)
  5 killer bees (D:8)
  5 orc priests
  Crazy Yiuf (D:2)
  3 hounds
  2 jellies
  A gnoll bouda (D:6)
  2 sleepcaps (D:5)
  Jessica (D:3)
  3 iguanas
  Ijyb (D:4)
  Natasha (thrice) (D:4)
  8 orc wizards
  3 mummies
  Robin (D:2)
  11 gnolls
  6 adders
  2 shadow imps
  A white imp (D:5)
  An ufetubus (D:6)
  7 adder zombies (Ossuary)
  A worm (D:2)
  10 dart slugs
  31 orcs
  11 ball pythons
  8 endoplasms
  3 giant cockroaches
  6 gnoll zombies (Ossuary)
  18 goblins
  5 hobgoblins
  8 jackals
  5 quokkas
  5 bats
  6 frilled lizards
  7 hobgoblin zombies (Ossuary)
  16 kobolds
  A kobold zombie (Ossuary)
  4 orc zombies (Ossuary)
  5 rats
266 creatures vanquished.

Vanquished Creatures (others)
  A goblin (D:2)
1 creature vanquished.

Grand Total: 267 creatures vanquished

Notes
Turn   | Place    | Note
-------+----------+-------------------------------------------
     0 | D:1      | SnakkuSnakku7 the Armataur Warper began the quest for the
                  | Orb.
     0 | D:1      | Reached XP level 1. HP: 18/18 MP: 3/3
    67 | D:1      | Reached skill level 1 in Throwing
    73 | D:1      | Reached XP level 2. HP: 25/25 MP: 4/4
   114 | D:1      | Reached skill level 2 in Axes
   269 | D:1      | Reached XP level 3. HP: 31/31 MP: 5/5
   422 | D:1      | Found a faded altar of an unknown god.
   431 | D:1      | Prayed at the altar of an unknown god.
   431 | D:1      | Became a worshipper of Vehumet
   431 | D:1      | Reached * piety under Vehumet
   431 | D:1      | Offered knowledge of Foxfire by Vehumet.
   877 | D:2      | Reached XP level 4. HP: 39/39 MP: 6/6
   997 | D:2      | Noticed Robin
  1006 | D:2      | Reached ** piety under Vehumet
  1006 | D:2      | Offered knowledge of Static Discharge by Vehumet.
  1016 | D:2      | Killed Robin
  1127 | D:2      | Found Ylekk's Book Emporium.
  1305 | D:2      | Found a runed translucent door.
  1306 | D:2      | Noticed Crazy Yiuf
  1594 | D:2      | Reached XP level 5. HP: 47/48 MP: 7/7
  2286 | D:3      | Offered knowledge of Ignite Poison by Vehumet.
  2292 | D:3      | Reached skill level 3 in Axes
  2566 | D:3      | Noticed Jessica
  2571 | D:3      | Killed Jessica
  2574 | D:3      | Found a shimmering blue altar of Sif Muna.
  2657 | D:2      | Killed Crazy Yiuf
  2658 | D:2      | Reached XP level 6. HP: 54/54 MP: 8/8
  2734 | D:3      | Reached *** piety under Vehumet
  2837 | D:4      | Noticed Ijyb
  2884 | D:4      | Killed Ijyb
  3094 | D:4      | Identified the +1 leather armour of Catatonia {rElec rC-
                  | Str+4}
  3180 | D:4      | Noticed Natasha
  3184 | D:4      | Offered knowledge of Sticky Flame by Vehumet.
  3193 | D:4      | Killed Natasha
  3310 | D:4      | Noticed Natasha
  3323 | D:4      | Killed Natasha
  3324 | D:4      | Reached skill level 4 in Axes
  3324 | D:4      | Reached XP level 7. HP: 53/64 MP: 9/9
  3570 | D:4      | Noticed Natasha
  3582 | D:4      | Killed Natasha
  4058 | D:5      | Entered Level 5 of the Dungeon
  4147 | D:5      | Reached skill level 5 in Fighting
  4323 | D:5      | Found a stormy altar of Qazlal.
  4323 | D:5      | Found a glowing silver altar of Zin.
  4379 | D:5      | Found a staircase to the Ecumenical Temple.
  4491 | D:5      | Reached skill level 5 in Axes
  4496 | D:5      | Noticed a yak
  4496 | D:5      | Noticed a yak
  4496 | D:5      | Noticed a yak
  4498 | D:5      | Noticed a yak
  4719 | D:5      | Killed a yak
  4729 | D:5      | Killed a yak
  4730 | D:5      | Reached skill level 6 in Axes
  4730 | D:5      | Reached XP level 8. HP: 17/72 MP: 10/10
  5107 | D:5      | Reached skill level 7 in Axes
  5242 | D:5      | Reached **** piety under Vehumet
  5310 | D:5      | Found a basalt altar of Yredelemnul.
  5314 | D:5      | Noticed Pikel
  5335 | D:5      | HP: 3/72 [Pikel/+2 whip of electrocution (11)]
  5566 | D:5      | Killed Pikel
  5567 | D:5      | Reached skill level 8 in Axes
  5567 | D:5      | Reached XP level 9. HP: 64/79 MP: 11/11
  5769 | D:5      | Offered knowledge of Irradiate by Vehumet.
  6167 | D:6      | Reached skill level 9 in Axes
  6733 | D:6      | Reached skill level 10 in Axes
  7154 | D:7      | Noticed Prince Ribbit
  7166 | D:7      | Killed Prince Ribbit
  7231 | D:7      | Found a broken altar of Ashenzari.
  7401 | D:7      | Reached ***** piety under Vehumet
  7559 | D:7      | Reached skill level 11 in Axes
  7802 | D:7      | Reached XP level 10. HP: 71/86 MP: 12/12
  7957 | D:7      | Offered knowledge of Eringya's Noxious Bog by Vehumet.
  8203 | D:8      | Found a sand-covered staircase.
  8212 | Ossuary  | Entered an ossuary
  9377 | D:8      | Reached skill level 1 in Shields
  9664 | D:9      | Offered knowledge of Fulminant Prism by Vehumet.
  9791 | D:9      | Found a flagged portal.
  9903 | Bailey   | Entered a bailey
 10028 | Bailey   | Reached skill level 12 in Axes
 10434 | Bailey   | Identified the +0 swamp dragon scales of the Sky {rPois
                  | rCorr}
 10442 | Bailey   | HP: 4/86 [spriggan/the +7 lajatang of Order {silver, rMut}
                  | (24)]
 10442 | Bailey   | Slain by a spriggan

Illustrated notes

Levels and vault maps discovered:
D:1:      minmay_arrival_widening_spiral_wide, layout_basic,
          dreamdust_ecumenical_altar_grove, chequers_serial_rivers_micro_c,
          due_unseen_surprise
D:2:      minmay_inner_zag, layout_loops_corners, serial_shops,
          nicolae_shop_tiny_waterfront, minmay_quantized,
          uniq_crazy_yiuf_cottage, uniq_robin
D:3:      layout_loops_cross, tgw_sif, st_stairs_11
D:4:      layout_layer_cave, grunt_ministairs_2, uniq_natasha, uniq_ijyb
D:5:      layout_loops_corners, mainiacjoe_overflow_six_doors_small,
          gammafunk_temple_overflow_statue, minmay_temple_entry_glassed_door,
          uniq_pikel
D:6:      layout_gridville, kennysheep_small_circle
D:7:      layout_cave_pods, ashenzari_altar_1, kennysheep_generic_room_12,
          uniq_prince_ribbit1
D:8:      layout_loops_cross, gup_ossuary_entry_pyramid,
          chequers_serial_rivers_large_b
D:9:      layout_loops_ring, enter_bailey_3
Bailey:   bailey_polearm_enchanted_keep_hellmonk, bailey

Skill      XL: |  1  2  3  4  5  6  7  8  9 10 |
---------------+-------------------------------+-----
Throwing       | 1 2 3 |  3.4
Fighting       | 2 3 4 5 |  5.0
Axes           | 2 3 4 6 8 11 12 | 12.1
Shields        | 4 |  4.2
Armour         | |  1.2
Dodging        | |  1.3
Spellcasting   | |  1.7
Translocations | |  3.0

Action                     |  1- 3 |  4- 6 |  7- 9 | 10-12 || total
---------------------------+-------+-------+-------+-------++-------
  Melee: Hand axe          |    99 |   249 |    60 |       ||   408
         Tailslap          |    11 |    27 |    53 |    39 ||   130
         Punch             |     2 |       |       |       ||     2
         Unarmed           |       |     1 |       |       ||     1
         War axe           |       |       |   284 |   309 ||   593
  Throw: Dart              |       |     1 |     5 |     4 ||    10
  Evoke: Wand              |       |       |     2 |     8 ||    10
    Use: Scroll            |       |     4 |     5 |     4 ||    13
         Potion            |       |       |     1 |     4 ||     5
   Stab: Sleeping          |     2 |       |       |       ||     2
 Armour: Leather armour    |    25 |    62 |   132 |    17 ||   236
         Acid dragon scale |       |       |       |    51 ||    51
  Dodge: Dodged            |    62 |   168 |   255 |   151 ||   636
  Block: Buckler           |     1 |    26 |    40 |    22 ||    89
         Tower shield      |       |       |       |    46 ||    46
